 Dungeon Crawl Stone Soup version 0.31-a0-441-g867994ef1c (webtiles) character file.

Game seed: 825024510108382697

148 randomguy2701 the Caller (level 5, -2/28 HPs)
             Began as a Deep Elf Summoner on Aug 2, 2023.
             Slain by an adder (4 damage)
             ... on level 3 of the Dungeon.
             The game lasted 00:11:20 (2589 turns).

randomguy2701 the Caller (Deep Elf Summoner)        Turns: 2589, Time: 00:11:20

Health: -2/28      AC:  2    Str:  5    XL:     5   Next: 8%
Magic:  9/14       EV: 13    Int: 28    God:
Gold:   149        SH:  0    Dex: 15    Spells: 9/13 levels left

rFire   . . .        i - +0 dagger
rCold   . . .        (no shield)
rNeg    . . .        a - +0 robe
rPois   .            (no helmet)
rElec   .            (no cloak)
rCorr   .            (no gloves)
SInv    .            (no boots)
Will    .....        (no amulet)
Stlth   ++           g - +6 ring of intelligence
HPRegen 0.24/turn    (no ring)
MPRegen 0.14/turn

%: no passive effects
@: no status effects
A: no striking features
a: no special abilities


You were on level 3 of the Dungeon.
You visited 1 branch of the dungeon, and saw 3 of its levels.

You collected 149 gold pieces.

Inventory:

Hand Weapons
 i - a +0 dagger (weapon)
Armour
 a - a +0 robe (worn)
Jewellery
 g - a +6 ring of intelligence (left hand)
Scrolls
 d - a scroll of identify {unknown}
 e - a scroll of enchant armour {unknown}
 f - a scroll of noise {unknown}
 k - a scroll of summoning {unknown}
 l - 2 scrolls of revelation {unknown}
Potions
 b - a potion of magic
 c - 2 potions of lignification {unknown}
 h - 2 potions of curing
 j - 2 potions of mutation {unknown}
 m - a potion of brilliance {unknown}


   Skills:
 + Level 3.1 Dodging
 + Level 2.7 Stealth
 + Level 0.1 Unarmed Combat
 + Level 4.8 Spellcasting
 + Level 5.8 Summonings


You had 9 spell levels left.
You knew the following spells:

 Your Spells              Type           Power      Damage    Failure   Level
a - Summon Small Mammal   Summ           100%       N/A       1%          1
b - Summon Guardian Gole  Hex/Summ       23%        N/A       6%          3

Your spell library contained the following spells:

 Spells                   Type           Power      Damage    Failure   Level
 Call Imp                 Summ           78%        N/A       1%          2
 Call Canine Familiar     Summ           39%        N/A       1%          3
 Summon Lightning Spire   Summ/Air       23%        N/A       21%         4


Dungeon Overview and Level Annotations

Branches:
Dungeon (3/15)

Altars:


Message History

You closely miss the adder.
The adder is heavily wounded.
The adder barely misses you. The adder bites you but does no damage.
The kobold hits your guardian golem but does no damage.
The adder attacks as you move away! The adder barely misses you.
The adder barely misses you.
Your bat completely misses the adder.
The adder closely misses you.
Your bat closely misses the adder.
Your bat disappears in a puff of smoke!
Your guardian golem disappears in a puff of smoke!
Your quokka misses the adder.
Your quokka disappears in a puff of smoke!
The adder bites you.
* * * LOW HITPOINT WARNING * * *
You are poisoned.
The adder poisons you! The adder attacks as you move away! The adder bites you.
* * * LOW HITPOINT WARNING * * *
You are lethally poisoned!
The adder poisons you!
* * * LOW HITPOINT WARNING * * *
You feel very sick.
You feel better. The adder barely misses you.
You are too injured to fight recklessly!
You are too injured to fight recklessly!
Casting: Summon Small Mammal (safe; 1% risk of failure)
Confirm with . or Enter, or press ? or * to list all spells.
The adder barely misses you. The adder bites you.
* * * LOW HITPOINT WARNING * * *
Sorry, you're not good enough to have a special ability.
Casting: Summon Small Mammal (safe; 1% risk of failure)
Confirm with . or Enter, or press ? or * to list all spells.
Your bat hits the adder but does no damage.
Your bat barely misses the adder.
The goblin shoots a sling bullet.
The sling bullet closely misses your bat.
The sling bullet completely misses the adder.
The sling bullet hits you.
* * * LOW HITPOINT WARNING * * *
The adder bites you.
You die...

##.##.#.#.# #.##.#.#.# #.##.#†#.#
#.##.#r#.# ######.##...#+###
######## .......##.......#
#......#
#########......[###....g.########
............Sb..K..(.....Kg. ###
####.......@##......#######. ..#
#........r#.......... . ..#
#.......#........#### . ..#
#.......##..###### . ....#
#.......##..# § ....#
#.......##..# . ....#
#.......##..# . ....# ###+### .#
....#


You could see an adder (inner flame, ally target), a goblin (inner flame), a
kobold (inner flame), a friendly quokka (summoned) and a friendly bat
(summoned).

Vanquished Creatures (collateral kills)
  3 gnolls
  An adder (D:2)
  A worm (D:2)
  A dart slug (D:2)
  An orc (D:3)
  6 bats
  4 endoplasms
  6 giant cockroaches
  4 goblins
  6 hobgoblins
  4 jackals
  5 quokkas
  5 ball pythons
  3 frilled lizards
  5 kobolds (D:1)
  3 rats
58 creatures vanquished.

Vanquished Creatures (others)
  4 gnolls
4 creatures vanquished.

Grand Total: 62 creatures vanquished

Notes
Turn   | Place    | Note
-------+----------+-------------------------------------------
     0 | D:1      | randomguy2701 the Deep Elf Summoner began the quest for the
                  | Orb.
     0 | D:1      | Reached XP level 1. HP: 10/10 MP: 6/6
   225 | D:1      | Reached XP level 2. HP: 11/15 MP: 5/8
   472 | D:1      | Reached skill level 5 in Summonings
   897 | D:2      | Reached XP level 3. HP: 19/19 MP: 6/9
   986 | D:2      | Learned a level 3 spell: Summon Guardian Golem
  1163 | D:2      | Found a faded altar of an unknown god.
  1460 | D:2      | Reached XP level 4. HP: 24/24 MP: 7/12
  2285 | D:3      | Reached XP level 5. HP: 28/28 MP: 3/14
  2576 | D:3      | HP: 1/28 [adder (2)]
  2589 | D:3      | Slain by an adder

Illustrated notes

Levels and vault maps discovered:
D:1:      ebering_trefoil_twist, layout_rooms
D:2:      layout_rooms, hellmonk_ecumenical_altar_blasted, minmay_quantized
D:3:      layout_basic, trog_book

Skill      XL: |  1  2  3 |
---------------+----------+-----
Summonings     | 5 |  5.8
Dodging        | 3 |  3.1
Spellcasting   | 4 |  4.8
Stealth        | |  2.7
Unarmed Combat | |  0.1

Action                     |  1- 3 |  4- 6 || total
---------------------------+-------+-------++-------
  Melee: Unarmed           |     6 |       ||     6
         Dagger            |       |     3 ||     3
   Cast: Summon Small Mamm |    75 |    43 ||   118
         Summon Guardian G |     3 |    12 ||    15
    Use: Potion            |       |     2 ||     2
         Scroll            |       |     1 ||     1
 Armour: Robe              |    12 |     5 ||    17
  Dodge: Dodged            |    54 |    27 ||    81

Table legend: (Time is in decaauts)
 A = Elapsed time spent in this place.
 B = Non-inter-level travel time spent in this place.
 C = Inter-level travel time spent in this place.
 D = Time resting spent in this place.
 E = Time spent auto-exploring this place.
 F = Levels seen in this place.
 G = Mean time per level.
                   A        B        C        D        E       F      G
               +--------+--------+--------+--------+--------+-----+--------+
         Total |   2591 |   2539 |     52 |      0 |   1722 |   3 |  863.7 |
       Dungeon |   2591 |   2539 |     52 |      0 |   1722 |   3 |  863.7 |
               +--------+--------+--------+--------+--------+-----+--------+

Top non-repeatable levels by time:
     D:2: 1077 daAuts
     D:1: 895 daAuts
     D:3: 618 daAuts
